 Dungeon Crawl Stone Soup version 0.29-a0-320-g9f8742066b (webtiles) character file.

Game seed: 11624159470247286756

24 experimilk the Magician (level 2, 0/20 HPs)
             Began as a Palentonga Hedge Wizard on Apr 3, 2022.
             Slain by an adder (4 damage)
             ... on level 2 of the Dungeon.
             The game lasted 00:06:45 (1578 turns).

experimilk the Magician (Palentonga Hedge Wizard)   Turns: 1578, Time: 00:06:46

Health: 0/20       AC:  4    Str: 13    XL:     2   Next: 79%
Magic:  0/6        EV:  9    Int: 20    God:
Gold:   84         SH:  0    Dex:  9    Spells: 1/7 levels left

rFire   . . .      SeeInvis +   q - +0 war axe
rCold   . . .      Faith    .   (no shield)
rNeg    . . .      Spirit   .   b - +0 robe
rPois   .          Reflect  .   c - +0 hat
rElec   .          Harm     .   (no cloak)
rCorr   .          Rampage  .   (no gloves)
Will    .....                   (no barding)
Stlth   +.........              (no amulet)
HPRegen 0.06/turn               i - +6 ring of intelligence
MPRegen 0.10/turn               (no ring)

@: lethally poisoned (0 -> -4)
A: large, rugged brown scales 3, see invisible, deformed body, roll 1, armoured
tail
a: Rolling Charge


You were on level 2 of the Dungeon.
You visited 1 branch of the dungeon, and saw 2 of its levels.

You collected 84 gold pieces.

Inventory:

Hand Weapons
 a - a +0 dagger
 h - a +0 club
 j - a +1 hand axe
 q - a +0 war axe (weapon)
Armour
 b - a +0 robe (worn)
 c - a +0 hat (worn)
Jewellery
 i - a +6 ring of intelligence (left hand)
Scrolls
 g - a scroll of silence {unknown}
 k - a scroll of enchant weapon
 l - a scroll of identify {unknown}
 m - a scroll of enchant armour {unknown}
 n - a scroll of blinking {unknown}
 p - a scroll of immolation {unknown}
 r - a scroll of fog {unknown}
Potions
 d - a potion of magic
 f - a potion of curing {unknown}
 o - a potion of flight {unknown}
 s - a potion of might {unknown}


   Skills:
 - Level 1.5 Dodging
 - Level 1.2 Stealth
 - Level 3.0 Spellcasting
 * Level 2.3 Conjurations
 + Level 0.3 Hexes
 - Level 0.7 Summonings
 + Level 1.3 Translocations


You had one spell level left.
You knew the following spells:

 Your Spells              Type           Power      Damage    Failure   Level
a - Magic Dart            Conj           48%        1d5       5%          1
q - Blink                 Tloc           16%        N/A       13%         2
s - Slow                  Hex            16%        N/A       13%         1
z - Call Imp              Summ           5%         N/A       16%         2

Your spell library contained the following spells:

 Spells                   Type           Power      Damage    Failure   Level
 Conjure Flame            Conj/Fire      7%         6-21      26%         3
 Mephitic Cloud           Conj/Pois/Air  6%         N/A       30%         3


Dungeon Overview and Level Annotations

Branches:
Dungeon (2/15)

Altars:


Innate Abilities, Weirdness & Mutations

You are completely covered in rugged brown scales. (AC +3, +7% HP)
You have supernaturally acute eyesight. (SInv)
Armour fits poorly on your strangely shaped body.
You can roll at nearby foes to attack.
You have a long armoured tail.


Message History

The adder is heavily wounded.
You barely miss the bat.
You feel stable enough to blink again.
You feel sick.
You are no longer poisoned.
The bat hits you but does no damage. The adder bites you but does no damage.
The adder closely misses you.
Your magical contamination has completely faded away.
Casting: Blink (safe; 13% risk of failure)
Confirm with . or Enter, or press ? or * to list all spells.
A beastly little devil appears in a puff of flame.
The bat hits you. The bat closely misses you.
The adder bites you but does no damage.
You hit the adder.
Your tail-slap misses the adder.
The adder is severely wounded.
You barely miss the bat. The bat barely misses you. The adder bites you.
Your crimson imp misses the bat.
The adder bites you but does no damage. The bat barely misses you.
Unknown command.
You closely miss the adder.
The adder is severely wounded.
You closely miss the bat. The bat barely misses you.
The bat hits you but does no damage. The adder bites you.
Your crimson imp blinks!
The adder barely misses you.
Your crimson imp blinks!
You miss the adder.
Your tail-slap misses the adder.
The adder is severely wounded.
You hit the dart slug. You closely miss the bat.
The bat hits you but does no damage. The adder bites you.
You are poisoned.
The adder poisons you!
Your crimson imp hits the dart slug.
The dart slug bites you.
* * * LOW HITPOINT WARNING * * *
The adder bites you but does no damage.
It was a potion of cancellation.
You feel magically purged.
* * * LOW HITPOINT WARNING * * *
You feel sick. The bat barely misses you.
Your crimson imp hits the dart slug.
The adder bites you.
You die...

#####
...######.#
<#.####S##....#
......b.@..###.#
.#.####w#### #5#
#.# #.# #####
#.# #.... #.#
#.### #.# #.#
#.#####.# #.#


You could see an adder, a dart slug, a bat (ally target) and a friendly crimson
imp (summoned).

Vanquished Creatures
  4 ball pythons
  3 endoplasms (D:2)
  2 giant cockroaches
  A goblin (D:2)
  4 hobgoblins
  4 bats
  A kobold (D:2)
  2 rats (D:1)
21 creatures vanquished.

Notes
Turn   | Place    | Note
-------+----------+-------------------------------------------
     0 | D:1      | experimilk the Palentonga Hedge Wizard began the quest for
                  | the Orb.
     0 | D:1      | Reached XP level 1. HP: 13/13 MP: 4/4
     3 | D:1      | Learned a level 1 spell: Slow
    13 | D:1      | Reached skill level 1 in Conjurations
   441 | D:1      | Reached XP level 2. HP: 20/20 MP: 3/6
   472 | D:1      | Learned a level 2 spell: Blink
  1090 | D:2      | Learned a level 2 spell: Call Imp
  1578 | D:2      | Slain by an adder

Illustrated notes

Levels and vault maps discovered:
D:1:      dpeg_arrival_shrine, layout_basic
D:2:      layout_loops_ring

Skill      XL: |  1  2 |
---------------+-------+-----
Conjurations   | 1 2 |  2.3
Dodging        | |  1.5
Stealth        | |  1.2
Spellcasting   | |  3.0
Hexes          | |  0.3
Summonings     | |  0.7
Translocations | |  1.3

Action                   || total
-------------------------++-------
Melee: Dagger            ||     4
       Club              ||     3
       Hand axe          ||    18
       War axe           ||     8
       Tailslap          ||     2
 Cast: Magic Dart        ||    40
       Blink             ||     3
       Call Imp          ||     3
 Abil: Rolling Charge    ||     3
  Use: Scroll            ||     1
       Potion            ||     1
Armor: Robe              ||    29
Dodge: Dodged            ||    32

Table legend: (Time is in decaauts)
 A = Elapsed time spent in this place.
 B = Non-inter-level travel time spent in this place.
 C = Inter-level travel time spent in this place.
 D = Time resting spent in this place.
 E = Time spent auto-exploring this place.
 F = Levels seen in this place.
 G = Mean time per level.
                   A        B        C        D        E       F      G
               +--------+--------+--------+--------+--------+-----+--------+
         Total |   1588 |   1568 |     20 |    579 |    475 |   2 |  794.0 |
       Dungeon |   1588 |   1568 |     20 |    579 |    475 |   2 |  794.0 |
               +--------+--------+--------+--------+--------+-----+--------+

Top non-repeatable levels by time:
     D:1: 963 daAuts
     D:2: 625 daAuts
